 Dungeon Crawl Stone Soup version 0.27.1-33-g824d729ab1 (webtiles) character file.

Game seed: 16349564369248732720

346988 CuBeRJAN3 the Warrior (level 23, -13/191 HPs)
             Began as a Djinni Conjurer on Nov 5, 2021.
             Was the Champion of Makhleb.
             Mangled by a cyan very ugly thing (26 damage)
             ... on level 4 of the Vaults on Dec 9, 2021.
             The game lasted 03:21:38 (58404 turns).

CuBeRJAN3 the Warrior (Djinni Conjurer)            Turns: 58404, Time: 03:21:38

Health: -13/191    AC: 10    Str:  6    XL:     23   Next: 14%
Gold:   3459       EV: 18    Int: 30    God:    Makhleb [******] SH:  0 Dex: 12

rFire    + + .     SeeInvis +   i - staff of conjuration
rCold    + + .     Faith    .   (no shield)
rNeg     . . .     Spirit   .   K - +2 robe {Will+}
rPois    ∞         Reflect  .   Y - +2 helmet
rElec    .         Harm     .   S - scarf {repulsion}
rCorr    .         Rampage  .   e - +2 pair of gloves
Will     +++++                  (boots unavailable)
Stlth    +++++.....             X - amulet of Vitality {Regen+ HP+15}
HPRegen  1.41/turn              C - ring of willpower
MPRegen  0.00/turn              L - ring "Viubes" {Contam Fly rC+++ Will+ SInv}

@: marked, flying, studying Unarmed Combat, repel missiles
A: sickness immunity, fire resistance 2, cold vulnerability 1, float, innate
caster, hp casting, extra vitality 1
}: 2/15 runes: serpentine, barnacled
a: Renounce Religion, Minor Destruction, Lesser Servant of Makhleb, Major
Destruction, Greater Servant of Makhleb


You were on level 4 of the Vaults.
You worshipped Makhleb.
Makhleb was exalted by your worship.
You visited 8 branches of the dungeon, and saw 40 of its levels.

You collected 6341 gold pieces.
You spent 2882 gold pieces at shops.

Inventory:

Hand Weapons
 J - a +8 dagger of venom
Missiles
 v - 134 poisoned darts
 A - 9 throwing nets
Armour
 e - a +2 pair of gloves (worn)
 K - a +2 robe of willpower (worn)
 S - a scarf of repulsion (worn)
 Y - a +2 helmet (worn)
Magical Staves
 i - a staff of conjuration (weapon)
Jewellery
 C - a ring of willpower (left hand)
 L - the ring "Viubes" (right hand) {Contam Fly rC+++ Will+ SInv}
   (You bought it in a shop on level 1 of the Depths)

   [ring of willpower]

   rC:        It renders you almost immune to cold.
   SInv:      It lets you see invisible.
   Fly:       It grants you flight.
   Contam:    It causes magical contamination when unequipped.
   Will:      It increases your willpower.
 M - the ring "Dupuagul" {rElec rPois rN+ Str+8 Dex-5}
   (You took it off a merfolk siren on level 4 of the Shoals)

   [ring of poison resistance]

   Str:       It affects your strength (+8).
   Dex:       It affects your dexterity (-5).
   rElec:     It insulates you from electricity.
   rPois:     It protects you from poison.
   rN:        It protects you from negative energy.
 O - a ring of resist corrosion
 X - the amulet of Vitality (around neck) {Regen+ HP+15}
   (You acquired it on level 5 of the Lair of Beasts)

   [amulet of regeneration]

   HP:        It affects your health (+15).
   Regen:     It increases your rate of health regeneration.
Wands
 t - a wand of mindburst (44)
 y - a wand of acid (22)
 z - a wand of charming (9)
 B - a wand of polymorph (33)
 D - a wand of paralysis (36)
 N - a wand of flame (46)
 R - a wand of iceblast (26)
 T - a wand of digging (4)
Scrolls
 c - 2 scrolls of fog
 d - 5 scrolls of blinking
 h - 5 scrolls of identify
 l - 3 scrolls of silence
 m - 5 scrolls of fear
 n - a scroll of enchant armour
 o - 8 scrolls of amnesia
 p - 10 scrolls of magic mapping
 q - 13 scrolls of teleportation
 s - 6 scrolls of immolation
 w - 2 scrolls of holy word
 P - 5 scrolls of vulnerability
 Q - 4 scrolls of noise
 U - 2 scrolls of enchant weapon
 Z - a scroll of brand weapon
Potions
 a - 5 potions of might
 f - 8 potions of brilliance
 g - 4 potions of berserk rage
 j - 5 potions of resistance
 k - 3 potions of heal wounds
 r - 2 potions of ambrosia
 x - 5 potions of haste
 F - 4 potions of mutation
 G - 2 potions of cancellation
 H - 6 potions of attraction
Miscellaneous
 I - a phial of floods
 V - a condenser vane
 W - a piece from Xom's chessboard (15/15)


   Skills:
 * Level 18.8 Fighting
 - Level 9.9 Short Blades
 + Level 15.2 Dodging
 + Level 12.9 Stealth
 * Level 15.4 Spellcasting
 + Level 10.2 Invocations
 + Level 13.8 Evocations


You couldn't memorise any spells.
You knew the following spells:

 Your Spells              Type           Power      Damage    Failure   Level
a - Magic Dart            Conj           100%       1d8       0%          1
b - Searing Ray           Conj           100%       3d7       0%          2
c - Dazzling Flash        Conj/Hex       100%       N/A       0%          3
d - Fulminant Prism       Conj/Hex       54%        3d23      1%          4
e - Iskenderun's Mystic   Conj/Tloc      100%       2d19      1%          4
f - Summon Small Mammal   Summ           100%       N/A       0%          1
g - Blink                 Tloc           N/A        N/A       0%          2
h - Portal Projectile     Hex/Tloc       100%       N/A       0%          3
i - Passage of Golubria   Tloc           N/A        N/A       1%          4
j - Olgreb's Toxic Radia  Pois           86%        N/A       1%          4
k - Lightning Bolt        Conj/Air       54%        1d75      1%          5
l - Statue Form           Tmut/Erth      57%        N/A       1%          6
m - Starburst             Conj/Fire      54%        6d15      1%          6
n - Orb of Destruction    Conj           54%        9d16      3%          7
o - Lehudib's Crystal Sp  Conj/Erth      54%        10d13     24%         8
p - Spellforged Servitor  Conj/Summ      54%        N/A       3%          7
Your spell library was empty.

Dungeon Overview and Level Annotations

Branches:
Dungeon (15/15)            Temple (1/1) D:6            Lair (6/6) D:9
 Shoals (4/4) Lair:4        Snake (4/4) Lair:4        Slime (0/5) Lair:6
    Orc (2/2) D:11            Elf (0/3) Orc:2        Vaults (3/5) D:13
  Crypt (0/3) Vaults:2     Depths (4/5) D:15

Altars:
Cheibriados
Dithmenos
Elyvilon
Fedhas
Gozag
Hepliaklqana
Kikubaaqudgha
Makhleb
Nemelex Xobeh
Okawaru
Qazlal
Ru
Sif Muna
Trog
Uskayaw
Vehumet
Wu Jian
Xom
Yredelemnul
Zin
The Shining One
Beogh
Jiyva
Lugonu

Shops:
D:8 *   D:11 [(   D:12 ?   Orc:1 (   Orc:2 [((!   Shoals:1 :   Vaults:4 [
Depths:1 ===(

Portals:
Hell: Depths:1 Depths:2 Depths:3
Abyss: Lair:6 Depths:2
Pandemonium: Depths:3
Ziggurat: Depths:2

Annotations:
D:8 exclusion: manticore
Lair:1 exclusion: boulder beetle
Snake:1 Asterion
Snake:3 Mara, Vashnia


Innate Abilities, Weirdness & Mutations

You are immune to sickness and miasma.
You are immune to poison.
Your flesh is very heat resistant. (rF++)
You are vulnerable to cold. (rC-)
You float through the air rather than walking.
You learn spells naturally, not from books.
Your magical power is your life essence.
You have superior vitality. (+4 HP)


Message History

The slime creature collides with the vault guard!
The vault warden shoots a bolt.
The bolt misses you.
The bolt hits the sphinx!!
Casting: Iskenderun's Mystic Blast (safe; 1% risk of failure)
Confirm with . or Enter, or press ? or * to list all spells.
You can't see any susceptible monsters within range! (Use Z to cast anyway.)
Your surroundings suddenly seem different.
An ugly thing and 3 very ugly things come into view.
Found a stone staircase leading up.
There are monsters nearby!
The cyan very ugly thing gurgles horribly! x3
The cyan ugly thing gurgles horribly!
The cyan very ugly thing headbutts you! The cyan very ugly thing shocks you!!
* * * LOW HITPOINT WARNING * * *
Casting: Iskenderun's Mystic Blast (safe; 1% risk of failure)
Confirm with . or Enter, or press ? or * to list all spells.
You feel a surge of power!
You erupt in a blast of force!
The mystic blast hits the cyan very ugly thing!
The cyan very ugly thing is lightly wounded.
The cyan very ugly thing is knocked back by the mystic blast.
The mystic blast hits the cyan very ugly thing.
The cyan very ugly thing is lightly wounded.
The cyan very ugly thing is knocked back by the mystic blast.
The mystic blast hits the cyan ugly thing!!
The cyan ugly thing is heavily wounded.
The cyan ugly thing is knocked back by the mystic blast.
The mystic blast hits the cyan very ugly thing!
The cyan very ugly thing is lightly wounded.
The cyan very ugly thing is knocked back by the mystic blast.
The cyan very ugly thing slams into the metal wall!
* * * LOW HITPOINT WARNING * * *
The cyan very ugly thing trunk-slaps you!!
* * * LOW HITPOINT WARNING * * *
The cyan very ugly thing shocks you!!
* * * LOW HITPOINT WARNING * * *
The cyan very ugly thing headbutts you but does no damage.
There is a stone staircase leading up here.
You feel much better. The cyan very ugly thing headbutts you!
* * * LOW HITPOINT WARNING * * *
The cyan very ugly thing shocks you!!
You die...

*,,,,,,,,,* *,,,,
*,,,,,,,,,* *,,,,
*,,,,,,,,,* *,,,,
*,,,,,,,,,* *,,**
########+### *,,*,
#..........# *,,*,
#..........# *,,*,
#..u.......# *,,+,
#.u@u......# *,,**
#.u........# *,,*,
#..........# *,,*,
####+#######****,,*,
*,,,,,,,,,,,,,*,,*,
*,*,*,*,*****,*,,**
*,*,*,*,*,*,,,*,,**
*,*******,***,*,,**
*,,,*,*,,,*,,,*,,,,


You could see 3 very ugly things and a cyan ugly thing.

Vanquished Creatures
  A tentacled monstrosity (Depths:3)
  A titan (Shoals:4)
  Polyphemus (Shoals:2)
  Kirke (Shoals:3)
  2 storm dragons
  A sphinx (Vaults:2)
  Agnes (Snake:1)
  A tengu reaver (Depths:2)
  Donald (Shoals:4)
  7 nagarajas
  2 fire giants (Depths:1)
  Louise (Depths:2)
  5 frost giants
  Aizul (Snake:1)
  A balrug (Depths:1)
  7 vault wardens
  A deep elf elementalist (Depths:3)
  2 orc warlords
  6 ironbound preservers
  A war gargoyle (Vaults:2)
  5 very ugly things
  11 stone giants
  2 vampire knights
  2 dire elephants
  7 spark wasps
  Azrael (D:12)
  2 entropy weavers
  13 ettins
  A merfolk javelineer (Shoals:4)
  A blizzard demon (Depths:1)
  6 merfolk impalers
  2 deep elf high priests
  6 great orbs of eyes
  10 fire dragons
  5 yaktaur captains
  7 rakshasas
  9 boulder beetles
  A salamander tyrant (Snake:4)
  4 vault guards (Vaults:2)
  Erolcha (D:10)
  A great orb of eyes (shapeshifter) (Lair:6)
  An ironbound thunderhulk (Vaults:1)
  An ogre mage (Orc:1)
  4 catoblepae
  14 centaur warriors
  A peacekeeper (Vaults:2)
  6 ice dragons
  10 naga warriors
  6 hydras
  An alligator snapping turtle (Shoals:4)
  5 anacondas
  2 spriggan air magi (Depths:1)
  6 merfolk aquamancers (Shoals:4)
  A merfolk avatar (Shoals:4)
  2 dancing weapons (D:13)
  A two-headed ogre (shapeshifter) (Depths:1)
  2 satyrs
  4 ironbound frosthearts
  An alligator (shapeshifter) (Depths:2)
  10 two-headed ogres
  9 tengu warriors
  6 deep troll earth magi
  An orc high priest (Orc:1)
  8 deep troll shamans
  10 death yaks
  A spriggan berserker (Depths:3)
  3 thrashing horrors (Lair:6)
  14 naga sharpshooters
  3 sun demons
  6 shock serpents
  Sonja (D:10)
  5 ironbound beastmasters
  A hell knight (Depths:2)
  8 salamander mystics (Snake:4)
  5 iron trolls
  7 skeletal warriors (D:15)
  A golden dragon zombie (Depths:3)
  9 sea snakes
  19 deep trolls
  7 naga ritualists
  19 harpies
  5 lindwurms
  A phantasmal warrior (Depths:4)
  A flayed ghost (Depths:3)
  11 ironbound convokers
  6 wizards
  4 necromancers
  A tengu zombie (Depths:3)
  Pikel (D:4)
  6 orc knights
  15 mana vipers
  A sphinx skeleton (Depths:3)
  16 fauns
  5 cyclopes
  A cyclops (shapeshifter) (Lair:6)
  3 large abominations (Lair:6)
  18 manticores
  2 iron dragon skeletons
  13 salamanders
  37 ugly things
  2 tengu skeletons
  A frost giant skeleton (Depths:2)
  12 elephants
  12 merfolk sirens
  4 guardian serpents
  7 water nymphs
  24 black mambas
  A stone giant skeleton (Vaults:2)
  6 vault sentinels
  14 naga magi
  A torpor snail (Lair:6)
  8 cane toads
  Maggie (D:7)
  A smoke demon (Depths:1)
  14 komodo dragons
  8 tengu conjurers
  26 yaktaurs
  A rime drake (Lair:1)
  4 ice devils
  A komodo dragon (shapeshifter) (D:14)
  A hellwing (Depths:3)
  A jumping spider (Vaults:2)
  3 ancient zymes (Lair:6)
  5 polar bears (Lair:3)
  An elf skeleton (Depths:3)
  7 merfolk
  4 trolls
  10 wind drakes
  26 slime creatures
  A hornet (D:9)
  A snapping turtle (shapeshifter) (Depths:3)
  An iron dragon simulacrum (Depths:2)
  27 blink frogs
  2 dream sheep (Shoals:4)
  A spriggan zombie (Depths:2)
  An elf zombie (Depths:2)
  7 snapping turtles
  8 air elementals
  2 redbacks (Vaults:2)
  A wraith (D:10)
  2 spriggan skeletons (Depths:2)
  2 spriggans (Lair:6)
  A vampire (D:12)
  3 ynoxinuls (Lair:6)
  An ettin skeleton (Depths:2)
  22 water elementals
  3 fire elementals (D:12)
  A tarantella (Vaults:2)
  4 wyverns
  56 yaks
  11 vampire mosquitoes
  A golden eye (shapeshifter) (D:13)
  2 hogs
  A steam dragon (D:8)
  4 basilisks
  A chaos spawn (Lair:6)
  8 wargs
  44 nagas
  16 water moccasins
  A floating eye (shapeshifter) (D:15)
  3 hell hounds (D:12)
  47 orc warriors
  5 ice beasts
  An elf simulacrum (Vaults:2)
  3 necrophages (D:6)
  8 ogres
  8 black bears
  15 wolves
  23 centaurs
  A lemure (D:4)
  2 phantoms
  A kobold brigand (D:7)
  12 small abominations (Lair:6)
  A human zombie (Vaults:2)
  14 bullfrogs
  2 gnoll sergeants
  A water moccasin zombie (D:7)
  8 howler monkeys
  9 wights
  4 electric eels
  2 centaur zombies
  2 hounds
  A human simulacrum (Vaults:2)
  4 jellies
  29 orc priests
  3 centaur skeletons
  A bullfrog skeleton (D:6)
  13 iguanas
  Ijyb (D:5)
  30 orc wizards
  A howler monkey zombie (D:10)
  17 gnolls
  5 adders
  3 white imps
  An ufetubus (D:6)
  2 worms
  2 dart slugs
  103 orcs
  4 endoplasms
  4 giant cockroaches
  9 goblins
  8 hobgoblins
  2 jackals (D:3)
  2 quokkas
  5 ball pythons
  5 bats
  19 frilled lizards
  A jackal skeleton (D:4)
  12 kobolds
  6 rats
  A rat (shapeshifter) (D:15)
  2 butterflies (Lair:2)
1419 creatures vanquished.

Vanquished Creatures (collateral kills)
  An orc warlord (Vaults:2)
  A vault warden (Vaults:3)
  An ettin (Depths:1)
  A boulder beetle (Vaults:2)
  An ironbound frostheart (Vaults:2)
  A phantasmal warrior (Vaults:3)
  An orc knight (Vaults:2)
  A black mamba (Snake:3)
  An ogre (D:6)
  A giant cockroach (D:4)
10 creatures vanquished.

Vanquished Creatures (others)
  A salamander mystic (Snake:4)
  A manticore (Shoals:2)
  A human (Shoals:3)
  A crimson imp (Depths:1)
  2 orcs (D:8)
  40 fulminant prisms
  66 fungi
  122 plants
234 creatures vanquished.

Grand Total: 1663 creatures vanquished

Notes
Turn   | Place    | Note
-------+----------+-------------------------------------------
     0 | D:1      | CuBeRJAN3 the Djinni Conjurer began the quest for the Orb.
     0 | D:1      | Reached XP level 1. HP: 15/15 MP: 0/0
   386 | D:1      | Found a faded altar of an unknown god.
   407 | D:1      | Reached XP level 2. HP: 21/22 MP: 0/0
   879 | D:1      | Reached skill level 1 in Fighting
  1062 | D:1      | Reached XP level 3. HP: 18/27 MP: 0/0
  1062 | D:1      | Learned a level 1 spell: Summon Small Mammal
  1647 | D:2      | Found a bloodstained altar of Trog.
  1880 | D:2      | Reached XP level 4. HP: 30/32 MP: 0/0
  2374 | D:3      | Reached skill level 2 in Fighting
  2612 | D:3      | Reached XP level 5. HP: 33/38 MP: 0/0
  2612 | D:3      | Learned a level 2 spell: Blink
  3373 | D:3      | Reached XP level 6. HP: 42/45 MP: 0/0
  3756 | D:4      | Reached skill level 3 in Fighting
  4157 | D:4      | Found a shimmering altar of Xom.
  4159 | D:4      | Found a hide-covered altar of Uskayaw.
  4323 | D:4      | Found an iron altar of Okawaru.
  4323 | D:4      | Found a bloodstained altar of Trog.
  4397 | D:4      | Noticed Pikel
  4428 | D:4      | Killed Pikel
  4429 | D:4      | Reached skill level 4 in Fighting
  4429 | D:4      | Reached XP level 7. HP: 23/53 MP: 0/0
  4429 | D:4      | Learned a level 3 spell: Portal Projectile
  4429 | D:4      | Reached XP level 8. HP: 25/58 MP: 0/0
  4766 | D:5      | Entered Level 5 of the Dungeon
  4915 | D:5      | Found a glowing golden altar of the Shining One.
  5191 | D:5      | Reached skill level 5 in Spellcasting
  5388 | D:5      | Noticed Ijyb
  5392 | D:5      | Killed Ijyb
  5450 | D:5      | Reached skill level 5 in Fighting
  6380 | D:6      | Reached XP level 9. HP: 46/65 MP: 0/0
  6380 | D:6      | Learned a level 4 spell: Passage of Golubria
  6731 | D:6      | Found an ornate altar of the Wu Jian Council.
  6792 | D:6      | Reached skill level 5 in Dodging
  6817 | D:6      | Reached skill level 6 in Fighting
  7753 | D:6      | Found a staircase to the Ecumenical Temple.
  8201 | Temple   | Entered the Ecumenical Temple
  8758 | D:6      | Identified the +1 scale mail of the Everdark {rPois Int-2
                  | SInv}
  8780 | D:7      | Noticed Maggie
  8878 | D:7      | Found a basalt altar of Yredelemnul.
  9576 | D:7      | Reached skill level 7 in Fighting
  9576 | D:7      | Reached XP level 10. HP: 67/75 MP: 0/0
  9586 | D:7      | Reached skill level 5 in Stealth
 11172 | D:7      | Killed Maggie
 11173 | D:7      | Reached skill level 8 in Fighting
 11281 | D:7      | Found a white marble altar of Elyvilon.
 11512 | D:8      | Reached skill level 5 in Evocations
 11594 | D:8      | Noticed a centaur warrior
 13461 | D:8      | Found a glowing silver altar of Zin.
 13991 | D:8      | Found a stormy altar of Qazlal.
 14041 | D:8      | Found Cous's General Store.
 14046 | D:8      | Bought a scroll of enchant armour for 105 gold pieces
 14046 | D:8      | Bought a potion of heal wounds for 70 gold pieces
 14278 | D:8      | Noticed a manticore
 14719 | D:9      | Identified the +12 mace of Resumed Hostilities {freeze,
                  | Contam +Rage rPois Dex+4}
 14740 | D:9      | Reached XP level 11. HP: 72/82 MP: 0/0
 14740 | D:9      | Learned a level 4 spell: Olgreb's Toxic Radiance
 15134 | D:9      | Found a burning altar of Makhleb.
 15428 | D:9      | Found a staircase to the Lair.
 15483 | D:9      | Reached skill level 9 in Fighting
 16359 | D:9      | Noticed a two-headed ogre
 16367 | D:9      | Killed a two-headed ogre
 16498 | D:10     | Entered Level 10 of the Dungeon
 16557 | D:10     | Noticed Sonja
 16557 | D:10     | Noticed Erolcha
 16916 | D:10     | Killed Erolcha
 17496 | D:10     | Killed Sonja
 17497 | D:10     | Reached XP level 12. HP: 71/91 MP: 0/0
 18089 | D:11     | Reached skill level 10 in Fighting
 18298 | D:11     | Noticed a boulder beetle
 18879 | D:11     | Identified 2 scrolls of acquirement
 18880 | D:11     | Acquired 1108 gold pieces
 18882 | D:11     | Acquired 1006 gold pieces
 19086 | D:11     | Found Cisox's Armour Shoppe.
 19088 | D:11     | Found a staircase to the Orcish Mines.
 19090 | D:11     | Found Akkouss's Weapon Shoppe.
 19157 | D:11     | Bought a +0 cloak for 58 gold pieces
 19479 | D:11     | Noticed a two-headed ogre
 19492 | D:11     | Killed a two-headed ogre
 19885 | Lair:1   | Entered Level 1 of the Lair of Beasts
 19927 | D:9      | Became a worshipper of Makhleb the Destroyer
 20749 | Lair:1   | Noticed a boulder beetle
 20989 | Lair:2   | Noticed a death yak
 20989 | Lair:2   | Noticed a death yak
 20990 | Lair:2   | Noticed a death yak
 20990 | Lair:2   | Noticed a death yak
 21012 | Lair:2   | Killed a death yak
 21014 | Lair:2   | Killed a death yak
 21015 | Lair:2   | Reached skill level 1 in Short Blades
 21016 | Lair:2   | Killed a death yak
 21017 | Lair:2   | Reached skill level 11 in Fighting
 21017 | Lair:2   | Reached XP level 13. HP: 68/99 MP: 0/0
 21017 | Lair:2   | Learned a level 5 spell: Lightning Bolt
 21375 | Lair:2   | Reached * piety under Makhleb
 23383 | Lair:3   | Noticed a seven-headed hydra
 23444 | Lair:3   | Killed a seven-headed hydra
 23445 | Lair:3   | Reached ** piety under Makhleb
 24116 | Lair:3   | Noticed a boulder beetle
 25031 | Lair:4   | Reached skill level 10 in Spellcasting
 25176 | Lair:4   | Reached skill level 12 in Fighting
 25596 | Lair:4   | Found a staircase to the Shoals.
 25598 | Lair:4   | Noticed an eight-headed hydra
 25609 | Lair:4   | Reached XP level 14. HP: 95/107 MP: 0/0
 26037 | Lair:4   | Found a staircase to the Snake Pit.
 26059 | Lair:4   | Reached skill level 10 in Dodging
 27133 | Lair:5   | Acquired the amulet of Vitality {Regen+ HP+15}
 27133 | Lair:5   | Found the amulet of Vitality {Regen+ HP+15}
 27235 | Lair:5   | Reached *** piety under Makhleb
 27873 | Lair:6   | Entered Level 6 of the Lair of Beasts
 28053 | Lair:6   | Acquired 374 gold pieces
 28292 | Lair:6   | Found a viscous altar of Jiyva.
 28292 | Lair:6   | Found a staircase to the Slime Pits.
 28442 | Lair:6   | Reached skill level 13 in Fighting
 28503 | Lair:6   | Reached XP level 15. HP: 88/114 MP: 0/0
 28503 | Lair:6   | Learned a level 6 spell: Statue Form
 28556 | Lair:6   | Reached **** piety under Makhleb
 28686 | Lair:6   | Reached skill level 5 in Short Blades
 28847 | Lair:6   | Found a corrupted altar of Lugonu.
 28847 | Lair:6   | Found a one-way gate to the infinite horrors of the Abyss.
 28869 | Lair:6   | Identified the +1 ring mail "Kiecaeli" {Rampage Str+9
                  | Dex-5}
 29091 | Lair:6   | Found a burning altar of Makhleb.
 29653 | Orc:1    | Entered Level 1 of the Orcish Mines
 29690 | Orc:1    | Reached ***** piety under Makhleb
 29831 | Orc:1    | Found Daocw's Weapon Shoppe.
 29935 | Orc:2    | Entered Level 2 of the Orcish Mines
 30284 | Orc:1    | You are sucked into a shaft and drop 1 floor!
 30576 | Orc:2    | Noticed an orc warlord
 30602 | Orc:2    | Killed an orc warlord
 30733 | Orc:2    | Reached ****** piety under Makhleb
 30886 | Orc:2    | Found Nuchafux's Antique Armour Shop.
 30889 | Orc:2    | Found Caxeiw's Antique Weapon Boutique.
 30904 | Orc:2    | Bought a glowing cloak for 247 gold pieces
 31244 | Orc:2    | Found a staircase to the Elven Halls.
 31399 | Orc:2    | Reached skill level 10 in Evocations
 31413 | Orc:2    | Found Dusoywex's Antique Weapon Shoppe.
 31614 | Orc:2    | Found Soxer's Distillery.
 31622 | Orc:2    | Bought a potion of resistance for 140 gold pieces
 31622 | Orc:2    | Bought a potion of ambrosia for 112 gold pieces
 31622 | Orc:2    | Bought a potion of cancellation for 112 gold pieces
 31851 | D:12     | Found Anuotemp's Magic Scroll Emporium.
 31860 | D:12     | Bought a scroll of enchant weapon for 90 gold pieces
 31860 | D:12     | Bought a scroll of magic mapping for 42 gold pieces
 31860 | D:12     | Bought a scroll of enchant armour for 90 gold pieces
 31860 | D:12     | Bought a scroll of noise for 12 gold pieces
 31860 | D:12     | Bought a scroll of fear for 42 gold pieces
 31860 | D:12     | Bought a scroll of holy word for 90 gold pieces
 31860 | D:12     | Bought a scroll of identify for 24 gold pieces
 31860 | D:12     | Bought a scroll of teleportation for 36 gold pieces
 31860 | D:12     | Bought a scroll of identify for 24 gold pieces
 31860 | D:12     | Bought a scroll of identify for 24 gold pieces
 31860 | D:12     | Bought a scroll of fog for 24 gold pieces
 31905 | D:12     | Reached XP level 16. HP: 122/122 MP: 0/0
 32091 | D:12     | Reached skill level 14 in Fighting
 32091 | D:12     | Noticed Azrael
 32102 | D:12     | Killed Azrael
 32894 | D:13     | Found a white marble altar of Elyvilon.
 33045 | D:13     | Found a gate to the Vaults.
 33562 | D:14     | Found an iron altar of Okawaru.
 33832 | D:14     | Found a frozen archway.
 34430 | D:15     | Entered Level 15 of the Dungeon
 34815 | D:15     | Reached skill level 10 in Stealth
 35545 | D:15     | Reached XP level 17. HP: 120/130 MP: 0/0
 35545 | D:15     | Learned a level 6 spell: Starburst
 35685 | D:15     | Found a staircase to the Depths.
 35945 | Snake:1  | Entered Level 1 of the Snake Pit
 36306 | Snake:1  | Noticed Aizul
 36322 | Snake:1  | Killed Aizul
 36423 | Snake:1  | Noticed Agnes
 36486 | Snake:1  | Noticed Asterion
 36630 | Snake:2  | Reached skill level 15 in Fighting
 37841 | Snake:2  | Reached skill level 1 in Invocations
 38087 | Snake:3  | Noticed Mara
 38471 | Snake:3  | Noticed Vashnia
 39409 | Snake:4  | Entered Level 4 of the Snake Pit
 39424 | Snake:4  | Reached XP level 18. HP: 138/138 MP: 0/0
 39922 | Snake:4  | Reached skill level 5 in Invocations
 40259 | Snake:4  | Got a serpentine rune of Zot
 41112 | Snake:1  | Killed Agnes
 41338 | Shoals:1 | Entered Level 1 of the Shoals
 41441 | Shoals:1 | Reached skill level 16 in Fighting
 41506 | Shoals:1 | Found Zyps's Book Shoppe.
 42436 | Shoals:2 | Reached XP level 19. HP: 145/145 MP: 0/0
 42436 | Shoals:2 | Learned a level 7 spell: Orb of Destruction
 42821 | Shoals:2 | Noticed Polyphemus
 42885 | Shoals:2 | Killed Polyphemus
 43754 | Shoals:3 | Noticed Kirke
 43873 | Shoals:3 | Killed Kirke
 44787 | Shoals:4 | Entered Level 4 of the Shoals
 44859 | Shoals:4 | Found a stormy altar of Qazlal.
 45453 | Shoals:4 | Paralysed by an air elemental for 1 turns
 45592 | Shoals:4 | Found a stormy altar of Qazlal.
 45620 | Shoals:4 | Paralysed by an air elemental for 1 turns
 45623 | Shoals:4 | Noticed Donald
 45725 | Shoals:4 | Killed Donald
 45853 | Shoals:4 | Paralysed by an air elemental for 1 turns
 45869 | Shoals:4 | Identified the amulet of Vooss {Acrobat -Tele rN+ Regen+
                  | Stlth+}
 45975 | Shoals:4 | Identified the +4 flail of Lueshuur {drain, Str+7}
 45975 | Shoals:4 | Identified the ring "Dupuagul" {rElec rPois rN+ Str+8
                  | Dex-5}
 45984 | Shoals:4 | Paralysed by an air elemental for 1 turns
 46011 | Shoals:4 | Noticed a titan
 46026 | Shoals:4 | Killed a titan
 46137 | Shoals:4 | Paralysed by an air elemental for 1 turns
 46164 | Shoals:4 | Got a barnacled rune of Zot
 46355 | Shoals:4 | Reached XP level 20. HP: 152/153 MP: 0/0
 46940 | Depths:1 | Entered Level 1 of the Depths
 46942 | Depths:1 | Found a gateway to Hell.
 47899 | Depths:1 | Reached skill level 17 in Fighting
 48161 | Depths:1 | Found Ruots's Antique Weapon Emporium.
 48161 | Depths:1 | Found Zuenn's Jewellery Shoppe.
 48163 | Depths:1 | Found Bupsiog's Jewellery Emporium.
 48167 | Depths:1 | Bought the ring "Viubes" {Contam Fly rC+++ Will+ SInv} for
                  | 1015 gold pieces
 48167 | Depths:1 | Found Komitt's Jewellery Shoppe.
 48183 | Depths:1 | Bought a ring of willpower for 525 gold pieces
 48497 | Depths:2 | Found a gateway to a ziggurat.
 48603 | Depths:2 | Noticed Louise
 48621 | Depths:2 | Killed Louise
 49758 | Depths:2 | Reached XP level 21. HP: 150/160 MP: 0/0
 49758 | Depths:2 | Learned a level 8 spell: Lehudib's Crystal Spear
 49849 | Depths:2 | Acquired a staff of conjuration
 50748 | Depths:2 | Identified the +1 hunting sling of Xusiq {vorpal, Fragile
                  | rN+ Str+3}
 51340 | Depths:3 | Identified the +5 trident of Spontaneous Combustion {venom,
                  | Will+}
 52094 | Depths:3 | Reached skill level 18 in Fighting
 52362 | Depths:3 | Found a one-way gate leading to the halls of Pandemonium.
 52886 | Vaults:1 | Entered Level 1 of the Vaults
 53063 | Vaults:1 | Reached XP level 22. HP: 169/169 MP: 0/0
 53407 | Vaults:1 | HP: 2/184 [deep elf high priest/a malign offering (23)]
 53419 | Vaults:1 | HP: 9/184 [yaktaur/bolt (24)]
 54087 | Vaults:1 | Reached skill level 15 in Spellcasting
 54903 | Vaults:1 | Upgraded the game from 0.27.1-4-g1640c2035a to
                  | 0.27.1-33-g824d729ab1
 55052 | Vaults:2 | Found a staircase to the Crypt.
 55053 | Vaults:2 | Found a basalt altar of Yredelemnul.
 56112 | Vaults:2 | Reached skill level 15 in Dodging
 56158 | Vaults:2 | Identified the +10 rapier of Lilo {vorpal, rPois rF- rC+
                  | rCorr Int+4}
 56953 | Vaults:2 | Reached skill level 10 in Invocations
 57494 | Vaults:2 | Reached XP level 23. HP: 176/176 MP: 0/0
 57494 | Vaults:2 | Learned a level 7 spell: Spellforged Servitor
 58348 | Vaults:3 | You are sucked into a shaft and drop 1 floor!
 58348 | Vaults:4 | Found Quir's Antique Armour Emporium.
 58403 | Vaults:4 | HP: 2/191 [cyan very ugly thing (22)]
 58404 | Vaults:4 | Mangled by a cyan very ugly thing

Illustrated notes

Levels and vault maps discovered:
D:1:      dpeg_chamrin_arrival_tetris, layout_loops_corners,
          hellmonk_ecumenical_altar_arch_garden
D:2:      layout_rooms, basic_altar, kennysheep_crisscross
D:3:      layout_basic
D:4:      layout_loops_ring, grunt_temple_overflow_bloody_war,
          grunt_temple_overflow_diamond, uniq_pikel
D:5:      layout_basic, nicolae_tso_carved_into_rock, uniq_ijyb
D:6:      minmay_bubble_buster, layout_layer_cave, lemuel_doored_altar,
          minmay_temple_entry_enclosed_plants, corexii_hall_statues_l
D:7:      minmay_octagon_keep, layout_cave_pools,
          nicolae_overflow_hidden_temple, lemuel_crystal_altar, enter_bailey_5,
          uniq_maggie
D:8:      layout_loops_ring, nicolae_overflow_crystal_walls,
          grunt_qazlal_clouds, kennysheep_little_box, special_room
          [special_room_orc], serial_shops,
          nicolae_shop_temple_entry_statues_fountains
D:9:      layout_basic, bloody_makhleb, grunt_lair_entry_orc_guard_hut,
          serial_bayou, serial_bayou_pond_e, serial_bayou_shore_a,
          serial_bayou_shore_b, serial_bayou_lake_a, serial_bayou_pond_b,
          hangedman_abyss_or_decor_lesser_grid, dk_noncrumbling_4
D:10:     layout_loops_ring, uniq_sonja, uniq_erolcha
D:11:     layout_irregular_city, orc_david_3
D:12:     layout_basic, serial_shops, nicolae_stop_n_shop_2,
          small_statue_alley_a, uniq_azrael
D:13:     layout_basic, erik_vaults_1, elyvilon_altar_5
D:14:     layout_cave_pods, okawaru_trees_2, portal_ice_cave_entry_dragon
D:15:     gammafunk_enter_depths_forms, layout_basic,
          hellmonk_bongcloud_opening, chequers_hall_statues_corner_a
Temple:   jpeg_temple_island
Lair:1:   layout_small_grid, gauntlet_entry_generic,
          hellmonk_guarded_unrand_seven_league_boots
Lair:2:   lemuel_reptile_caves, layout_chaotic_city,
          infiniplex_staircase_pool_2, lemuel_fruit_fields, lemuel_fruit_fields
Lair:3:   beast_lair_carwin_large_1, layout_regular_city,
          nicolae_volcano_entry_vermiform, grunt_megastairs_1
Lair:4:   layout_regular_city, elwin_shoals_entry_rocks,
          minmay_snake_entry_six_corridors
Lair:5:   layout_small_grid
Lair:6:   hellmonk_lair_end_abyssal_woods, layout_cave_pods,
          dpeg_slime_entry_enclosed_altar, basic_altar
Shoals:1: layout_shoals, nicolae_shoals_c_island
Shoals:2: layout_shoals, nicolae_shoals_arrival_archipelago, uniq_polyphemus
Shoals:3: layout_shoals, uniq_kirke
Shoals:4: shoals_end_hellmonk_storm_palace [storm_palace_center_ruins,
          storm_palace_corner_altar, storm_palace_corner_narrow,
          storm_palace_corner_altar, storm_palace_corner_narrow], serial_shops,
          uniq_donald
Snake:1:  layout_chambers, uniq_asterion, uniq_aizul, uniq_agnes
Snake:2:  layout_chambers, nicolae_snake_gridmaze_spiral
Snake:3:  layout_concentric_octagons, uniq_vashnia, uniq_mara
Snake:4:  johnstein_snake_rune_scales, layout_cave_shapes
Orc:1:    layout_caves, serial_shops, nicolae_lakefront_shop
Orc:2:    grunt_orc_community_town_hall, layout_diamond_mine,
          grunt_orc_community_big_house_2, grunt_orc_community_big_house_1,
          grunt_orc_community_house_2, grunt_orc_community_house_2,
          grunt_orc_community_house_1, grunt_orc_community_house_1,
          grunt_orc_community_house_2, basic_altar, nooodl_orcs_dogs
Vaults:1: hangedman_vaults_capsules, v_misc_13, vaults_room_fancy_cross,
          vaults_room_glass_cross, hangedman_vaults_stretched_pinwheel,
          vaults_room_grunt_arrival_ludios, nicolae_vaults_mini_display_case,
          vaults_dpeg_ring, layout_vaults_quadrants
Vaults:2: nicolae_vaults_display_case, ontoclasm_vaults_twist, v_misc_26,
          nicolae_vaults_bisected_inception, nicolae_vaults_what_the_h,
          vaults_dpeg_cross, v_misc_11, minmay_crypt_entry_necro_gods,
          vaults_room_fours, hangedman_vaults_trim, hangedman_vaults_cutoff,
          layout_vaults_chaotic_city
Vaults:3: nicolae_vaults_yaktaur_gun_rack, v_rooms_6, vaults_room_hallway,
          nicolae_vaults_rhombus_5, hangedman_vaults_stagger,
          nicolae_vaults_network_periphery, v_misc_4, st_cells,
          dpeg_vaults_monster_row, hangedman_vaults_impose,
          layout_vaults_maze_snakey, uniq_boris
Vaults:4: vaults_room_grid, v_misc_4, ontoclasm_vaults_spin,
          hangedman_vaults_variations, vaults_mumra_hexcomb,
          nicolae_vaults_network_square, nicolae_vaults_little_squares_2,
          v_misc_31, vaults_room_stairs_pillars, ontoclasm_vaults_pinch,
          vaults_dpeg_doors, special_room_vaults [special_room_orc],
          layout_vaults_omnicross, serial_shops, nicolae_shop_crystal, shop,
          shop, nicolae_shop_stone, nicolae_shop_crystal
Depths:1: layout_forbidden_donut, minmay_misc_feat_cross,
          pf_vacation_house_of_asmodeus, minmay_fire_ice_demons,
          grunt_megastairs_4, minmay_shoptagon
Depths:2: minmay_concentric_multi, layout_basic, enter_ziggurat_f,
          bh_walls_and_bars, nicolae_abyss_entry_one_way_or_another, hell_entry,
          minmay_staircase_statues
Depths:3: minmay_ambush_box, layout_gridlike, hell_entry,
          hangedman_abyss_or_decor_stagger, rand_demon_pan_entry_1,
          hex_intersection, nrook_mini_backslash
Depths:4: minmay_angry_zag, layout_gridlike, hangedman_decor_push,
          nzn_ghost_randoct, serial_shops, nicolae_shop_crystal,
          grunt_pan_entry_zigzag, abyss_entry, hellmouth_1,
          chequers_serial_rivers_micro_b, chequers_serial_rivers_room_a,
          grunt_ministairs_6, uniq_margery

Skill      XL: |  1  2  3  4  5  6  7  8  9 10 11 12 13 14 15 16 17 18 19 20 21 22 |
---------------+-------------------------------------------------------------------+-----
Fighting       | 1 2 4 5 7 8 9 11 12 13 14 15 16 17 18 | 18.8
Stealth        | 2 3 4 5 6 7 8 9 10 11 12 | 12.9
Dodging        | 3 4 5 6 8 9 10 11 12 13 14 15 | 15.2
Spellcasting   | 4 5 6 7 8 9 10 11 12 13 14 15 | 15.4
Evocations     | 2 3 4 5 6 7 8 9 10 11 12 13 | 13.8
Short Blades   | 1 3 4 6 7 8 9 |  9.9
Invocations    | 3 6 7 8 9 10 | 10.2

Action                   |  1- 3 |  4- 6 |  7- 9 | 10-12 | 13-15 | 16-18 | 19-21 | 22-24 || total
-------------------------+-------+-------+-------+-------+-------+-------+-------+-------++-------
Melee: Dagger            |       |       |     4 |    14 |    25 |    39 |    13 |       ||    95
       Staff             |       |       |       |       |       |       |     2 |     6 ||     8
Throw: Dart              |       |       |       |     3 |       |       |       |       ||     3
 Cast: Magic Dart        |    27 |    53 |    60 |   104 |   299 |    59 |    40 |    27 ||   669
       Searing Ray       |     9 |    24 |    38 |    62 |    42 |     5 |       |       ||   180
       Iskenderun's Myst |       |     2 |    31 |    93 |   246 |   229 |   398 |   117 ||  1116
       Summon Small Mamm |       |     1 |    10 |     8 |       |     1 |       |       ||    20
       Fulminant Prism   |       |     1 |       |     9 |     3 |    14 |     3 |    10 ||    40
       Portal Projectile |       |       |       |     3 |       |       |       |       ||     3
       Passage of Golubr |       |       |       |     1 |       |     1 |       |       ||     2
       Olgreb's Toxic Ra |       |       |       |    50 |   187 |    27 |     4 |     5 ||   273
       Blink             |       |       |       |     1 |       |       |       |       ||     1
       Lightning Bolt    |       |       |       |       |   136 |   420 |   119 |    50 ||   725
       Starburst         |       |       |       |       |       |    11 |     2 |     7 ||    20
       Statue Form       |       |       |       |       |       |     1 |       |       ||     1
       Orb of Destructio |       |       |       |       |       |       |   341 |   117 ||   458
       Spellforged Servi |       |       |       |       |       |       |       |     5 ||     5
Invok: Lesser Servant of |       |       |       |       |       |     2 |       |       ||     2
       Major Destruction |       |       |       |       |       |     2 |       |       ||     2
       Greater Servant o |       |       |       |       |       |     1 |     1 |       ||     2
Evoke: Wand              |       |       |     2 |     1 |       |       |       |       ||     3
  Use: Scroll            |       |     4 |     1 |    18 |    11 |     3 |     6 |     5 ||    48
       Potion            |       |       |       |       |       |       |     2 |     4 ||     6
 Stab: Sleeping          |       |       |       |       |     2 |       |       |       ||     2
Armor: Robe              |       |     1 |     4 |    16 |    20 |    43 |    89 |    12 ||   185
       Skin              |       |       |       |       |       |     4 |       |       ||     4
Dodge: Dodged            |       |     3 |    31 |   162 |   135 |   326 |   498 |   170 ||  1325
       Repelled          |       |       |       |       |     6 |    22 |    17 |     3 ||    48
